 Seeded DCSS version 0.30.1-9-gdf580d7c3d (webtiles) character file.

Game seed: 9106806156630997546 (custom seed)

336 Psyclone the Destroyer (level 6, -2/32 HPs)
             Began as a Deep Elf Conjurer on Oct 8, 2023.
             Slain by a yak (15 damage)
             ... on level 5 of the Dungeon.
             The game lasted 00:08:22 (1577 turns).

Psyclone the Destroyer (Deep Elf Conjurer)          Turns: 1577, Time: 00:08:22

Health: -2/32      AC:  3    Str:  4    XL:     6   Next: 28%
Magic:  4/12       EV: 12    Int: 25    God:
Gold:   100        SH:  0    Dex: 13    Spells: 8/11 levels left

rFire   . . .        i - +9 mace of World Downfall {flame, Will+ SInv}
rCold   . . .        (no shield)
rNeg    . . .        a - +0 robe
rPois   .            (no helmet)
rElec   .            (no cloak)
rCorr   .            (no gloves)
SInv    +            h - +0 pair of boots
Will    +....        (no amulet)
Stlth   ++           (no ring)
HPRegen 0.25/turn    (no ring)
MPRegen 0.13/turn

%: no passive effects
@: no status effects
A: no striking features
a: no special abilities


You were on level 5 of the Dungeon.
You visited 2 branches of the dungeon, and saw 6 of its levels.

You collected 100 gold pieces.

Inventory:

Hand Weapons
 e - a +0 vampiric falchion
 i - the +9 mace of World Downfall (weapon) {flame, Will+ SInv}
   (You took it off a goblin on level 4 of the Dungeon)

   SInv:      It lets you see invisible.
   Will:      It increases your willpower.
Armour
 a - a +0 robe (worn)
 h - a +0 pair of boots (worn)
Jewellery
 p - a ring of poison resistance
Scrolls
 c - a scroll of noise {unknown}
 g - 2 scrolls of identify {unknown}
 j - a scroll of fog {unknown}
 k - a scroll of brand weapon {unknown}
 n - a scroll of teleportation {unknown}
 o - a scroll of blinking {unknown}
Potions
 b - a potion of magic
 d - a potion of brilliance {unknown}
 f - a potion of degeneration {unknown}
 l - 2 potions of curing {unknown}
 m - a potion of berserk rage {unknown}
 q - a potion of lignification {unknown}


   Skills:
 - Level 2.4 Dodging
 - Level 2.4 Stealth
 - Level 3.0 Spellcasting
 + Level 8.4 Conjurations


You had 8 spell levels left.
You knew the following spells:

 Your Spells              Type           Power      Damage    Failure   Level
a - Magic Dart            Conj           100%       1d8       1%          1
b - Searing Ray           Conj           90%        2d7       1%          2

Your spell library contained the following spells:

 Spells                   Type           Power      Damage    Failure   Level
 Dazzling Flash           Conj/Hex       48%        N/A       5%          3
 Fulminant Prism          Conj/Hex       12%        3d9       19%         4
 Iskenderun's Mystic Bla  Conj/Tloc      24%        2d7       19%         4


Dungeon Overview and Level Annotations

Branches:
Dungeon (5/15) Zot: 25756  Temple (1/1) D:5 Zot: 5978

Altars:
Dithmenos
Gozag
Hepliaklqana
Okawaru
Qazlal
Ru
Sif Muna
Trog
Uskayaw
Xom
Yredelemnul

Shops:
D:4 [

Annotations:
D:4 1 runed translucent door, Hakai23's ghost, novice TeSu


Message History

You hear the sound of rushing water.
There is an entrance to a sewer on this level.
Hurry and find it before the portal rusts away!
The walls and floor vibrate strangely for a moment.
There is a stone staircase leading up here.
The yak bellows!
Casting: Magic Dart (safe; 1% risk of failure)
Confirm with . or Enter, or press ? or * to list all spells.
Aiming: Searing Ray (safe; 1% risk of failure)
Press: ? - help, Shift-Dir - straight line, f - yak
Aim: a yak (89% to hit)
The searing ray hits the yak!
The yak is lightly wounded. (Press . to maintain the ray.)
You now have 10/12 mp.
The searing ray hits the yak.
The yak is moderately wounded.
You now have 9/12 mp.
The searing ray hits the yak.
The yak is moderately wounded.
The yak gores you.
You take 5 damage, and have 27/32 hp.
You now have 8/12 mp.
The searing ray hits the yak.
The yak is moderately wounded.
You finish channelling your searing ray.
The yak gores you!
You take 15 damage, and have 12/32 hp.
MASSIVE DAMAGE!!
You now have 7/12 mp.
Casting: Searing Ray (safe; 1% risk of failure)
Confirm with . or Enter, or press ? or * to list all spells.
Aiming: Searing Ray (safe; 1% risk of failure)
Press: ? - help, Shift-Dir - straight line, f/p - yak
Aim: a yak (moderately wounded, 89% to hit)
The searing ray hits the yak.
The yak is heavily wounded. (Press . to maintain the ray.)
The yak misses you.
You now have 5/12 mp.
The searing ray hits the yak!
The yak is severely wounded.
The yak gores you!
You die...

###.###...###.##.#.....<..###.#
###...#.⌠.#......#.....##.# #.#
#.....#...#...##.#..##.##.# #.#
#..............#.#...).##.# #.#
.............#.#.##.......# #.#
.........Y...#
#.############.##
.............#
#...............#
.............#
#.#######..##..##
####......#### #@##### #..##..#
+.#....####.#Y#...# #..##..#
###.........#.#.#.###..##..#
#[...Y#####.#........##..#
+.....#...<.....###.###..#
##...[#####.#######......#
##.#.#.....[...........##
+...#.##..#############
###.#.....#


You could see a yak.

Vanquished Creatures
  An ogre (D:4)
  2 scorpions
  A howler monkey (D:4)
  Jessica (D:2)
  3 adders
  A dart slug (D:4)
  4 orcs
  3 bats (D:1)
  3 endoplasms
  2 giant cockroaches
  A hobgoblin (D:4)
  3 jackals (D:2)
  5 kobolds
  A quokka (D:4)
  3 ball pythons
  A frilled lizard (D:1)
  9 goblins
  A rat (D:1)
45 creatures vanquished.

Notes
Turn   | Place    | Note
-------+----------+-------------------------------------------
     0 | D:1      | Psyclone the Deep Elf Conjurer began the quest for the Orb.
     0 | D:1      | Reached XP level 1. HP: 10/10 MP: 6/6
    33 | D:2      | Found a stormy altar of Qazlal.
   134 | D:2      | Reached XP level 2. HP: 15/15 MP: 5/8
   141 | D:2      | Learned a level 2 spell: Searing Ray
   217 | D:4      | Reached skill level 5 in Conjurations
   325 | D:5      | Entered Level 5 of the Dungeon
   378 | D:4      | Found Haiphupu's Antique Armour Emporium.
   385 | D:5      | Noticed a scorpion
   385 | D:5      | Noticed a yak
   385 | D:5      | Noticed a yak
   387 | D:5      | Noticed a yak
   388 | D:5      | Noticed a yak
   426 | D:4      | Reached XP level 3. HP: 17/19 MP: 4/9
   426 | D:4      | Noticed a bullfrog
   427 | D:4      | Found a runed translucent door.
   432 | D:4      | Noticed Hakai23's ghost (novice TeSu)
   605 | D:5      | Killed a scorpion
   606 | D:5      | Reached skill level 6 in Conjurations
   606 | D:5      | Reached XP level 4. HP: 24/24 MP: 3/10
   610 | D:5      | Found a staircase to the Ecumenical Temple.
   619 | Temple   | Entered the Ecumenical Temple
   775 | D:4      | Noticed an ogre
   776 | D:4      | Identified the +9 mace of World Downfall {flame, Will+
                  | SInv}
   783 | D:4      | Killed an ogre
   784 | D:4      | Reached skill level 7 in Conjurations
   784 | D:4      | Reached XP level 5. HP: 28/28 MP: 0/11
   814 | D:4      | Reached skill level 8 in Conjurations
   837 | D:4      | Reached XP level 6. HP: 23/32 MP: 2/12
   989 | D:1      | You fall into a shaft and drop 1 floor!
   994 | D:2      | Noticed Jessica
   998 | D:2      | Killed Jessica
  1577 | D:5      | Slain by a yak

Illustrated notes

Levels and vault maps discovered:
D:1:      onia_arrival_mini_spirals, layout_loops_ring, serial_shops, shop
D:2:      layout_rooms, basic_altar, reono_crystal_passage, minmay_tetromino_l2,
          uniq_robin, uniq_jessica, uniq_crazy_yiuf_cottage
D:3:      layout_loops_ring, uniq_sigmund, uniq_natasha
D:4:      layout_rooms, ebering_ghost_sewer_d, nicolae_take_the_stairs,
          grunt_ministairs_6, ebering_dispersal_statue_hall,
          minmay_ogre_servants
D:5:      nicolae_cairo_tiling_large, layout_basic, slow_altar_2,
          minmay_temple_entry_junction_2, portal_sewer_entry_b
Temple:   nicolae_temple_bog_church

Skill      XL: |  1  2  3  4  5 |
---------------+----------------+-----
Conjurations   | 5 6 7 8 |  8.4
Dodging        | |  2.4
Stealth        | |  2.4
Spellcasting   | |  3.0

Action                     |  1- 3 |  4- 6 || total
---------------------------+-------+-------++-------
  Melee: Unarmed           |     6 |       ||     6
         Falchion          |     2 |       ||     2
         Mace              |       |    17 ||    17
   Cast: Magic Dart        |    35 |    22 ||    57
         Searing Ray       |     4 |     6 ||    10
 Armour: Robe              |     5 |     7 ||    12
  Dodge: Dodged            |    12 |    28 ||    40
